 Dungeon Crawl Stone Soup version 0.22-a0-525-gf69a080 (webtiles) character file.

168 GameOver the Conjurer (level 5, 0/43 HPs)
             Began as a Naga Wizard on June 21, 2018.
             Killed by divine providence
             ... invoked by an orc priest
              (13 damage)
             ... on level 4 of the Dungeon.
             The game lasted 00:10:42 (1893 turns).

GameOver the Conjurer (Naga Wizard)                 Turns: 1893, Time: 00:10:44

Health: 0/43       AC:  5    Str:  9    XL:     5   Next: 49%
Magic:  4/9        EV: 10    Int: 19    God:
Gold:   116        SH:  0    Dex: 10    Spells: 1/10 levels left

rFire    . . .     SeeInvis +   x - +2 quarterstaff (distort)
rCold    . . .     Gourm    .   (shield currently unavailable)
rNeg     . . .     Faith    .   a - +0 robe
rPois    +         Spirit   .   b - +0 hat
rElec    .         Reflect  .   l - +1 cloak
rCorr    .         Harm     .   t - +0 pair of gloves
MR       .....                  (no barding)
Stlth    ++........             (no amulet)
HPRegen  0.14/turn              (no ring)
MPRegen  0.11/turn              (no ring)

@: very slow
A: large, see invisible, deformed body, poison resistance, slowness 2, slow
metabolism 1, spit poison 1, AC +1
a: Spit Poison


You were on level 4 of the Dungeon.
You were hungry.

You visited 1 branch of the dungeon, and saw 4 of its levels.

You collected 116 gold pieces.

Inventory:

Hand Weapons
 q - a +0 hunting sling
 x - a +2 quarterstaff of distortion (weapon)
Missiles
 g - 28 sling bullets
Armour
 a - a +0 robe (worn)
 b - a +0 hat (worn)
 k - a +0 leather armour
 l - a +1 cloak (worn)
 t - a +0 pair of gloves (worn)
Scrolls
 e - 3 scrolls of identify {unknown}
 f - 2 scrolls of noise {unknown}
 j - a scroll of immolation {unknown}
 n - a scroll of fog {unknown}
 p - a scroll of blinking {unknown}
 r - 4 scrolls of remove curse {unknown}
 s - 3 scrolls of magic mapping {unknown}
 w - a scroll of enchant armour {unknown}
Potions
 c - a potion of berserk rage {unknown}
 h - 2 potions of ambrosia {unknown}
 m - a potion of degeneration {unknown}
 o - 3 potions of curing
 v - 2 potions of magic {unknown}
Comestibles
 d - 7 rations
 i - 3 chunks of flesh


   Skills:
 + Level 0.7 Fighting
 + Level 0.8 Staves
 - Level 1.5 Dodging
 - Level 3.0 Stealth
 - Level 3.0 Spellcasting
 + Level 4.9 Conjurations
   Level 1.0 Summonings
 - Level 1.0 Translocations


You had one spell level left.
You knew the following spells:

 Your Spells              Type           Power        Failure   Level  Hunger
a - Magic Dart            Conj           ###.         1%          1    None
b - Blink                 Tloc           N/A          16%         2    ##.....
d - Mephitic Cloud        Conj/Pois/Air  #.......     24%         3    ###....
s - Conjure Flame         Conj/Fire      ##......     17%         3    ###....

Your spell library contained the following spells:

 Spells                   Type           Power        Failure   Level  Hunger
 Slow                     Hex            #.......     22%         2    ##.....
 Call Imp                 Summ           #.......     16%         2    ##.....


Dungeon Overview and Level Annotations

Branches:
Dungeon (4/15)
 Temple: D:4-7

Altars:
Ashenzari
Vehumet
Wu Jian

Annotations:
D:4 Eustachio


Innate Abilities, Weirdness & Mutations

You cannot wear boots.
Your serpentine skin is tough. (AC +1)
You have supernaturally acute eyesight. (SInv)
Armour fits poorly on your strangely shaped body.
Your system is resistant to poisons. (rPois)
You cover ground very slowly.
You have a slow metabolism.
You can spit poison.


Message History

The bat hits you but does no damage. x2; The bat barely misses you.
The bat barely misses you.
You miss the bat. The bat closely misses you. The quokka bites you.
The bat hits you but does no damage. The quokka bites you.
The bat hits you but does no damage. The bat closely misses you.
The quokka misses you.
The bat hits you but does no damage. x2; The quokka bites you.
The bat hits you but does no damage.
The orc priest invokes the aid of Beogh against you.
Beogh smites you!
* * * LOW HITPOINT WARNING * * *
You see here 4 tomahawks.
It was a potion of curing.
You feel better. The quokka barely misses you. The bat barely misses you.
The rat bites you but does no damage. The quokka barely misses you.
The orc priest looks braver for a moment.
The bat hits you but does no damage.
The orc priest invokes the aid of Beogh against you.
Beogh smites you!
You die...

###########
#.........#
#.........#
#.........#
#....lr@<.#
##########.....r...#
.........o...o...b.#
#####.####.........#
#.# #[........#
##r####.........#
#.o.##..........#
#.l#.##.##########
@...##.##.#


You could see an orc priest, an orc, a quokka, a bat, a frilled lizard and a
rat.

Vanquished Creatures
  An orc wizard (D:4)
  5 adders
  2 oozes (D:3)
  2 worms (D:2)
  A dart slug (D:1)
  A leopard gecko (D:3)
  4 orcs (D:3)
  3 giant cockroaches
  2 goblins (D:1)
  11 hobgoblins
  16 jackals
  A quokka (D:4)
  5 bats
  3 frilled lizards
  6 kobolds
  10 rats
73 creatures vanquished.

Notes
Turn   | Place    | Note
-------+----------+-------------------------------------------
     0 | D:1      | GameOver the Naga Wizard began the quest for the Orb.
     0 | D:1      | Reached XP level 1. HP: 15/15 MP: 4/4
   135 | D:1      | Reached skill level 2 in Conjurations
   135 | D:1      | Reached XP level 2. HP: 22/22 MP: 0/6
   475 | D:1      | Reached XP level 3. HP: 28/28 MP: 7/7
   479 | D:1      | Learned a level 2 spell: Blink
   483 | D:1      | Learned a level 3 spell: Mephitic Cloud
   556 | D:1      | Reached skill level 3 in Conjurations
   829 | D:2      | Found a shattered altar of Ashenzari.
   829 | D:2      | Found an ornate altar of the Wu Jian Council.
   830 | D:2      | Found a radiant altar of Vehumet.
   939 | D:2      | Reached XP level 4. HP: 36/36 MP: 4/8
  1036 | D:2      | Reached skill level 4 in Conjurations
  1409 | D:3      | Reached XP level 5. HP: 42/42 MP: 4/9
  1648 | D:3      | Learned a level 3 spell: Conjure Flame
  1832 | D:4      | Noticed Eustachio
  1891 | D:4      | HP: 1/43 [orc priest/divine providence (15)]
  1893 | D:4      | Killed from afar by an orc priest

Vault maps used:
D:1:      dpeg_arrival_chambers_temple_mockup
D:2:      gammafunk_temple_overflow_claw, minivault_14, st_stairs_1
D:3:      serial_bayou_pond_a, minmay_misc_feat_more_columns
D:4:      uniq_eustachio, uniq_duvessa

Skill      XL: |  1  2  3  4 |
---------------+-------------+-----
Conjurations   | 2 3 4 |  4.9
Fighting       | |  0.7
Staves         | |  0.8
Dodging        | |  1.5
Stealth        | |  3.0
Spellcasting   | |  3.0
Summonings     | |  1.0
Translocations | |  1.0

Action                   |  1- 3 |  4- 6 || total
-------------------------+-------+-------++-------
Melee: Dagger            |     1 |       ||     1
       Short sword       |     4 |     1 ||     5
       Spear             |       |    18 ||    18
       Quarterstaff      |       |    26 ||    26
 Cast: Magic Dart        |    51 |    37 ||    88
       Mephitic Cloud    |       |     2 ||     2
 Abil: Spit Poison       |    38 |    31 ||    69
  Use: Potion            |       |     1 ||     1
 Stab: Sleeping          |       |     1 ||     1
  Eat: Chunk             |     2 |     4 ||     6
Armor: Robe              |    10 |    34 ||    44
Dodge: Dodged            |    16 |    51 ||    67

Table legend:
 A = Spawn XP
 B = Non-spawn XP
 C = Spawn XP percentage of total XP
 D = Spawn monster count
 E = Non-spawn monster count
 F = Spawn count percentage of total count
 G = Total turns spent on level
                    A         B        C        D         E        F      G
               +---------+---------+-------+---------+---------+-------+---------
         Total |       0 |     241 |   0.0 |       0 |      73 |   0.0 |  1893
               +---------+---------+-------+---------+---------+-------+---------
           D:1 |       0 |      40 |   0.0 |       0 |      24 |   0.0 |   718
           D:2 |       0 |      79 |   0.0 |       0 |      24 |   0.0 |   461
           D:3 |       0 |      69 |   0.0 |       0 |      19 |   0.0 |   625
           D:4 |       0 |      53 |   0.0 |       0 |       6 |   0.0 |    89
               +---------+---------+-------+---------+---------+-------+---------
